 Dungeon Crawl Stone Soup version 0.28.0-43-g3370ac3207 (webtiles) character file.

Game seed: 1887874357307829775

63 Peloso the Covered (level 3, -4/33 HPs)
             Began as a Minotaur Fighter on Mar 18, 2022.
             Slain by a gnoll
             ... wielding a +0 spear
              (5 damage)
             ... on level 2 of the Dungeon.
             The game lasted 00:02:02 (1096 turns).

Peloso the Covered (Minotaur Fighter)               Turns: 1096, Time: 00:02:03

Health: -4/33      AC:  7    Str: 20    XL:     3   Next: 87%
Magic:  2/2        EV: 10    Int:  5    God:
Gold:   33         SH:  4    Dex: 11    Spells: 2/2 levels left

rFire   . . .      SeeInvis .   a - +0 long sword
rCold   . . .      Faith    .   c - +0 buckler
rNeg    . . .      Spirit   .   b - +0 scale mail
rPois   .          Reflect  .   (helmet restricted)
rElec   .          Harm     .   (no cloak)
rCorr   .          Rampage  .   (no gloves)
Will    .....                   (no boots)
Stlth   ..........              (no amulet)
HPRegen 0.11/turn               (no ring)
MPRegen 0.08/turn               (no ring)

@: no status effects
A: horns 2, retaliatory headbutt
a: no special abilities


You were on level 2 of the Dungeon.
You visited 1 branch of the dungeon, and saw 2 of its levels.

You collected 33 gold pieces.

Inventory:

Hand Weapons
 a - a +0 long sword (weapon)
Armour
 b - a +0 scale mail (worn)
 c - a +0 buckler (worn)
Scrolls
 f - a scroll of vulnerability {unknown}
 g - 2 scrolls of identify {unknown}
Potions
 d - a potion of might
 e - a potion of mutation {unknown}


   Skills:
 + Level 4.0 Fighting
 + Level 3.0 Long Blades
 + Level 4.2 Armour
 + Level 1.9 Dodging
 + Level 4.0 Shields


You had 2 spell levels left.
You didn't know any spells.
Your spell library contained the following spells:

 Spells                   Type           Power      Damage    Failure   Level
 Summon Small Mammal      Summ           0%         N/A       88%         1
 Call Canine Familiar     Summ           0%         N/A       99%         3
 Summon Guardian Golem    Hex/Summ       0%         N/A       99%         3


Dungeon Overview and Level Annotations

Branches:
Dungeon (2/15)

Altars:

Shops:
D:1 (


Innate Abilities, Weirdness & Mutations

You have a pair of horns on your head.
You reflexively headbutt those who attack you in melee.


Message History

a +0 flail; a gnoll corpse You hit the gnoll but do no damage.
You block the gnoll's attack. You block the gnoll's attack.
You see here a hobgoblin corpse.
You see here a jackal corpse.
A giant cockroach comes into view.
You hit the giant cockroach but do no damage.
You headbutt the giant cockroach.
You kill the giant cockroach!
The gnoll hits you but does no damage. You block the gnoll's attack.
The gnoll hits you but does no damage.
You see here a dart slug corpse.
You barely miss the gnoll. You headbutt the gnoll!
The gnoll is heavily wounded.
The gnoll hits you with a +0 whip. The gnoll hits you but does no damage.
You hit the gnoll but do no damage.
The gnoll is heavily wounded.
The gnoll hits you with a +0 whip. You block the gnoll's attack.
The gnoll hits you with a +0 whip.
You slash the gnoll!
You kill the gnoll!
The gnoll hits you but does no damage. The gnoll closely misses you.
The gnoll hits you with a +0 spear.
You see here a +0 whip.
You hit the gnoll.
The gnoll is lightly wounded.
The gnoll hits you with a +0 spear.
* * * LOW HITPOINT WARNING * * *
You hit the gnoll.
The gnoll is heavily wounded.
The gnoll hits you but does no damage.
You closely miss the gnoll.
The gnoll is heavily wounded.
The gnoll hits you with a +0 spear.
* * * LOW HITPOINT WARNING * * *
The gnoll misses you.
You hit the gnoll. Your headbutt misses the gnoll.
The gnoll is severely wounded.
The gnoll hits you with a +0 spear.
You die...

### #.# ..#
...#.#######.#
.####.#...#...#.#
........#.#..##.#
####
#####.#.#.#...<.#
... # #.#.#.#####
.###### #.#...#.#
......# #.....#.#
......# #####.#@#
......# #.#g#
......# #g#.#
......#.######.#.#
......#..>.....†.#
......########.###
........†.g..#.#
.......#####...#
.......# #####


You could see a gnoll.

Vanquished Creatures
  2 gnolls (D:2)
  A dart slug (D:2)
  4 bats
  3 endoplasms (D:1)
  4 giant cockroaches
  7 goblins (D:1)
  3 hobgoblins
  2 jackals (D:2)
  2 quokkas (D:1)
  3 frilled lizards (D:1)
  3 kobolds
  5 rats
39 creatures vanquished.

Vanquished Creatures (others)
  13 withered plants (D:1)
13 creatures vanquished.

Grand Total: 52 creatures vanquished

Notes
Turn   | Place    | Note
-------+----------+-------------------------------------------
     0 | D:1      | Peloso the Minotaur Fighter began the quest for the Orb.
     0 | D:1      | Reached XP level 1. HP: 19/19 MP: 0/0
    99 | D:1      | Found a faded altar of an unknown god.
   378 | D:1      | Reached XP level 2. HP: 25/27 MP: 1/1
   460 | D:1      | Found Laideowa's Weapon Emporium.
   750 | D:1      | Reached XP level 3. HP: 33/33 MP: 2/2
  1020 | D:2      | Reached skill level 1 in Dodging
  1095 | D:2      | HP: 1/33 [gnoll/+0 spear (6)]
  1096 | D:2      | Slain by a gnoll

Illustrated notes

Levels and vault maps discovered:
D:1:      wander_arrival_estate, layout_loops_ring, serial_shops,
          nicolae_shop_statue_plus, shapermc_ecumenical_altar_flowoftime
D:2:      layout_basic, uniq_terence

Skill      XL: |  1  2  3 |
---------------+----------+-----
Armour         | 4 |  4.2
Fighting       | 4 |  4.0
Shields        | 4 |  4.0
Long Blades    | 3 |  3.0
Dodging        | 1 |  1.9

Action                   || total
-------------------------++-------
Melee: Long sword        ||    95
       Headbutt          ||    18
Armor: Scale mail        ||    41
Dodge: Dodged            ||    33
Block: Buckler           ||    23
